 Dungeon Sprint DCSS version 0.26-a0-710-g95a0c6c400 (webtiles) character file.

Game seed: 660732890291219829

9242 mhtbhm the Bludgeoner (level 11, -1/118 HPs)
             Began as a Palentonga Berserker on Oct 30, 2020.
             Was the Champion of Trog.
             Slain by a death yak (24 damage)
             ... in the Dungeon (Sprint IX: "|||||||||||||||||||||||||||||").
             The game lasted 00:02:27 (1576 turns).

mhtbhm the Bludgeoner (Palentonga Berserker)        Turns: 1576, Time: 00:02:27

Health: -1/118     AC: 20    Str: 28    XL:     11   Next: 20%
Magic:  11/11      EV: 12    Int:  7    God:    Trog [******]
Gold:   0          SH:  0    Dex:  9    Spells: 10/10 levels left

rFire    . . .     SeeInvis +   a - +3 great mace (vorpal)
rCold    . . .     Faith    .   (shield currently unavailable)
rNeg     . . .     Spirit   .   b - +2 ring mail
rPois    .         Reflect  .   (no helmet)
rElec    .         Harm     .   l - +0 cloak
rCorr    .         Rampage  .   (no gloves)
MR       .....     NoTele   +   (no barding)
Stlth    +.........             (no amulet)
HPRegen  0.29/turn              m - +3 ring of strength
MPRegen  0.12/turn              n - +2 ring of protection

@: berserk cooldown, slowed, very slow
A: large, rugged brown scales 3, see invisible, deformed body, roll, armoured
tail, reflexive curl
a: Rolling Charge, Berserk, Trog's Hand, Brothers in Arms, Renounce Religion


You were in the Dungeon.
You worshipped Trog.
Trog was exalted by your worship.
You visited 1 branch

Inventory:

Hand Weapons
 a - a +3 vorpal great mace (weapon)
Armour
 b - a +2 ring mail (worn)
 l - a +0 cloak (worn)
Jewellery
 m - a +3 ring of strength (left hand)
 n - a +2 ring of protection (right hand)
Wands
 k - a wand of acid (7)
Scrolls
 h - 2 scrolls of blinking
 j - 5 scrolls of remove curse
 q - a scroll of fog
 r - 2 scrolls of enchant weapon
 s - a scroll of identify
Potions
 c - 4 potions of curing
 d - 6 potions of heal wounds
 e - a potion of haste
 f - 4 potions of magic
 g - a potion of berserk rage
 i - a potion of invisibility
 o - a potion of might
 p - a potion of stabbing


   Skills:
 + Level 14.9 Fighting
 + Level 17.2 Maces & Flails
 + Level 9.3 Armour
 + Level 7.9 Dodging
 + Level 2.7 Stealth
 + Level 2.3 Evocations


You had 10 spell levels left.
You didn't know any spells.
Your spell library was empty.

Dungeon Overview and Level Annotations

Branches:
Dungeon (1/1)

Altars:
Cheibriados
Dithmenos
Elyvilon
Fedhas
Gozag
Hepliaklqana
Kikubaaqudgha
Makhleb
Nemelex Xobeh
Okawaru
Qazlal
Ru
Sif Muna
Trog
Uskayaw
Vehumet
Wu Jian
Xom
Yredelemnul
Zin
The Shining One
Beogh
Jiyva
Lugonu


Innate Abilities, Weirdness & Mutations

You are completely covered in rugged brown scales. (AC +3, +7% HP)
You have supernaturally acute eyesight. (SInv)
Armour fits poorly on your strangely shaped body.
You can roll at foes to attack.
You have a long armoured tail.
You curl defensively after being hit.


Message History

You are exhausted.
You feel yourself slow down.
You barely miss the death yak.
The death yak is moderately wounded.
The death yak gores you. The death yak gores you!
* * * LOW HITPOINT WARNING * * *
You sock the death yak!
The death yak is heavily wounded.
The death yak gores you!
* * * LOW HITPOINT WARNING * * *
Unknown command.
The death yak gores you but does no damage.
Things that are here:
a death yak corpse; a death yak corpse
There is an open door to Lair:6, spattered with blood here.
You see here an iridescent quarterstaff {god gift}.
Your deep troll goes berserk!
The death yak gores you but does no damage.
The death yak gores you!!
You die...

▓†▓.▓_▓
▓.▓.▓_▓
▓.▓.▓_▓
▓.▓.▓_▓
▓.▓.▓_▓
▓.▓.▓_▓
▓.▓.▓_▓
▓T▓.▓_▓
▓@▓.▓'▓
▓Y▓.▓.▓
▓Y▓.▓?▓
▓.▓.▓)▓
▓.▓.▓.▓
▓.▓.▓.▓
▓.▓.▓[▓
▓.▓.▓.▓
▓.▓.▓.▓


You could see a death yak, a yak and a friendly deep troll (summoned, berserk).

Vanquished Creatures
  Harold (D)
  A boulder beetle (D)
  A hydra (D)
  4 death yaks (D)
  A deep elf mage (D)
  A manticore (D)
  5 cane toads (D)
  A komodo dragon (D)
  A troll (D)
  A hornet (D)
  A blink frog (D)
  2 yaks (D)
  A basilisk (D)
  3 water moccasins (D)
  2 black bears (D)
  A phantom (D)
  2 centaurs (D)
  A big kobold (D)
  3 bullfrogs (D)
  A gnoll (D)
  A dart slug (D)
  A leopard gecko (D)
  An orc (D)
  A bat (D)
  A bat skeleton (D)
  A bat zombie (D)
  A giant cockroach (D)
  A hobgoblin (D)
  A frilled lizard (D)
  A kobold (D)
  A quokka zombie (D)
45 creatures vanquished.

Vanquished Creatures (collateral kills)
  A basilisk (D)
  A water moccasin (D)
2 creatures vanquished.

Grand Total: 47 creatures vanquished

Notes
Turn   | Place    | Note
-------+----------+-------------------------------------------
     0 | D        | mhtbhm the Palentonga Berserker began the quest for the
                  | Orb.
     0 | D        | Reached XP level 1. HP: 20/20 MP: 1/1
    11 | D        | Reached ** piety under Trog
   153 | D        | Noticed a centaur
   156 | D        | Reached XP level 2. HP: 28/28 MP: 2/2
   157 | D        | Reached *** piety under Trog
   158 | D        | Reached skill level 4 in Maces & Flails
   161 | D        | Killed a centaur
   161 | D        | Reached skill level 6 in Maces & Flails
   161 | D        | Reached XP level 3. HP: 39/39 MP: 3/3
   161 | D        | Reached XP level 4. HP: 47/47 MP: 4/4
   170 | D        | Found a roughly hewn altar of Beogh.
   170 | D        | Found a snail-covered altar of Cheibriados.
   170 | D        | Found a shadowy altar of Dithmenos.
   170 | D        | Found a white marble altar of Elyvilon.
   170 | D        | Found a blossoming altar of Fedhas.
   170 | D        | Found an opulent altar of Gozag.
   171 | D        | Found a hazy altar of Hepliaklqana.
   172 | D        | Found a viscous altar of Jiyva.
   173 | D        | Found an ancient bone altar of Kikubaaqudgha.
   174 | D        | Found a corrupted altar of Lugonu.
   175 | D        | Found a burning altar of Makhleb.
   176 | D        | Found a sparkling altar of Nemelex Xobeh.
   177 | D        | Found an iron altar of Okawaru.
   178 | D        | Found a stormy altar of Qazlal.
   179 | D        | Found a sacrificial altar of Ru.
   180 | D        | Found a shimmering blue altar of Sif Muna.
   181 | D        | Found a bloodstained altar of Trog.
   182 | D        | Found a hide-covered altar of Uskayaw.
   183 | D        | Found a radiant altar of Vehumet.
   184 | D        | Found an ornate altar of the Wu Jian Council.
   185 | D        | Found a shimmering altar of Xom.
   186 | D        | Found a basalt altar of Yredelemnul.
   187 | D        | Found a glowing silver altar of Zin.
   188 | D        | Found a glowing golden altar of the Shining One.
   235 | D        | Noticed a black bear
   235 | D        | Noticed a big kobold
   235 | D        | Noticed a phantom
   240 | D        | Killed a black bear
   240 | D        | Reached **** piety under Trog
   240 | D        | Reached skill level 7 in Maces & Flails
   240 | D        | Reached XP level 5. HP: 55/55 MP: 5/5
   242 | D        | Reached skill level 8 in Maces & Flails
   262 | D        | Killed a phantom
   262 | D        | Reached ***** piety under Trog
   262 | D        | Reached skill level 9 in Maces & Flails
   262 | D        | Reached XP level 6. HP: 58/66 MP: 6/6
   295 | D        | Noticed a boulder beetle
   295 | D        | Noticed a manticore
   295 | D        | Noticed a hornet
   295 | D        | Noticed a troll
   295 | D        | Noticed a deep elf mage
   308 | D        | Noticed a fire elemental
   314 | D        | Killed a manticore
   314 | D        | Reached skill level 10 in Fighting
   314 | D        | Reached skill level 11 in Maces & Flails
   314 | D        | Reached skill level 5 in Dodging
   314 | D        | Gained mutation: You curl defensively after being hit.
                  | [Palentonga growth]
   314 | D        | Reached XP level 7. HP: 33/78 MP: 7/7
   318 | D        | Killed a hornet
   318 | D        | Reached skill level 1 in Stealth
   318 | D        | Reached XP level 8. HP: 25/86 MP: 8/8
   318 | D        | Killed a troll
   318 | D        | Reached skill level 5 in Armour
   318 | D        | Killed a deep elf mage
   318 | D        | Reached skill level 12 in Maces & Flails
   581 | D        | Killed a boulder beetle
   581 | D        | Reached skill level 13 in Maces & Flails
   581 | D        | Reached skill level 1 in Evocations
   581 | D        | Reached XP level 9. HP: 23/96 MP: 9/9
   891 | D        | Noticed Harold
   903 | D        | Killed Harold
   903 | D        | Reached skill level 14 in Maces & Flails
  1030 | D        | Noticed a cane toad
  1030 | D        | Noticed a seven-headed hydra
  1035 | D        | Killed a cane toad
  1035 | D        | Reached ****** piety under Trog
  1037 | D        | Noticed a komodo dragon
  1041 | D        | Received a gift from Trog
  1046 | D        | Killed a seven-headed hydra
  1046 | D        | Reached skill level 15 in Maces & Flails
  1046 | D        | Reached XP level 10. HP: 99/108 MP: 10/10
  1418 | D        | Noticed a cane toad
  1418 | D        | Noticed a cane toad
  1421 | D        | Killed a cane toad
  1422 | D        | Noticed a cane toad
  1426 | D        | Killed a cane toad
  1427 | D        | Noticed a cane toad
  1436 | D        | Received a gift from Trog
  1439 | D        | Reached skill level 16 in Maces & Flails
  1444 | D        | Killed a cane toad
  1447 | D        | Killed a cane toad
  1544 | D        | Noticed a death yak
  1544 | D        | Noticed a death yak
  1544 | D        | Noticed a death yak
  1544 | D        | Noticed a death yak
  1548 | D        | Noticed a death yak
  1555 | D        | Killed a death yak
  1559 | D        | Killed a death yak
  1559 | D        | Received a gift from Trog
  1559 | D        | Reached XP level 11. HP: 118/118 MP: 11/11
  1565 | D        | Killed a death yak
  1565 | D        | Reached skill level 17 in Maces & Flails
  1570 | D        | Killed a death yak
  1576 | D        | Slain by a death yak

Illustrated notes

Levels and vault maps discovered:
D:        linesprint [early_d, line_temple, items_1, d_10, items_2, lair_1,
          lair_end, items_3, orc_1, orc_end, items_4, d_15, swamp_1, shoals_1,
          snake_1, spider_1, d_20, vaults_1, items_5, swamp_end, shoals_end,
          snake_end, spider_end, vaults_end, d_27, items_6, zot_1, zot_end,
          crypt_end, forest_end, elf_end, slime_end, tomb_end, abyss_end,
          pan_hell_end]

Skill      XL: |  1  2  3  4  5  6  7  8  9 10 11 |
---------------+----------------------------------+-----
Dodging        | 2 3 4 5 6 7 |  7.9
Fighting       | 6 7 8 10 12 13 14 | 14.9
Maces & Flails | 6 7 9 11 13 15 16 17 | 17.2
Armour         | 2 3 4 6 7 9 |  9.3
Stealth        | 1 2 |  2.7
Evocations     | 1 2 |  2.3

Action                   |  1- 3 |  4- 6 |  7- 9 | 10-12 || total
-------------------------+-------+-------+-------+-------++-------
Melee: Mace              |    20 |     2 |       |       ||    22
       Tailslap          |     3 |     5 |     7 |    11 ||    26
       Morningstar       |       |    34 |    37 |     9 ||    80
       Dire flail        |       |       |       |    24 ||    24
       Great mace        |       |       |       |    24 ||    24
Invok: Berserk           |     1 |     2 |     2 |     2 ||     7
       Brothers in Arms  |       |       |       |     2 ||     2
Evoke: Wand              |       |       |     3 |       ||     3
  Use: Potion            |       |       |     1 |     1 ||     2
Armor: Animal skin       |     9 |       |       |       ||     9
       Ring mail         |       |    21 |    17 |     9 ||    47
Dodge: Dodged            |     5 |    18 |    14 |    12 ||    49

Table legend: (Time is in decaauts)
 A = Elapsed time spent in this place.
 B = Non-inter-level travel time spent in this place.
 C = Inter-level travel time spent in this place.
 D = Time resting spent in this place.
 E = Time spent auto-exploring this place.
 F = Levels seen in this place.
 G = Mean time per level.
                   A        B        C        D        E       F      G
               +--------+--------+--------+--------+--------+-----+--------+
         Total |   1583 |   1583 |      0 |    832 |    307 |   1 | 1583.0 |
       Dungeon |   1583 |   1583 |      0 |    832 |    307 |   1 | 1583.0 |
               +--------+--------+--------+--------+--------+-----+--------+

Top non-repeatable levels by time:
       D: 1583 daAuts
